 Dungeon Crawl Stone Soup version 0.20.0-10-g0535bb4 (webtiles) character file.

95 MDvedh the Chopper (level 4, -10/39 HPs)
             Began as a Hill Orc Fighter on June 3, 2017.
             Was an Initiate of Beogh.
             Killed by divine providence
             ... invoked by an orc priest
              (12 damage)
             ... on level 3 of the Dungeon.
             The game lasted 00:02:30 (2133 turns).

MDvedh the Chopper (Hill Orc Fighter)               Turns: 2133, Time: 00:02:31

Health: -10/39     AC:  6    Str: 19    XL:     4   Next: 66%
Magic:  4/4        EV:  7    Int:  8    God:    Beogh [......]
Gold:   111        SH:  9    Dex: 10    Spells: 3/3 levels left

rFire    . . .     SeeInvis .   a - +0 war axe
rCold    . . .     Gourm    .   c - +0 shield
rNeg     . . .     Faith    .   b - +0 scale mail
rPois    .         Spirit   .   (no helmet)
rElec    .         Reflect  .   (no cloak)
rCorr    .         Harm     .   (no gloves)
MR       .....                  (no boots)
Stlth    ..........             (no amulet)
Regen    0.2/turn               (no ring)
MPRegen  0.1/turn               (no ring)

@: no status effects
A: no striking features
a: Renounce Religion


You were on level 3 of the Dungeon.
You worshipped Beogh.
Beogh was noncommittal.
You were not hungry.

You visited 1 branch of the dungeon, and saw 3 of its levels.

You collected 111 gold pieces.

Inventory:

Hand Weapons
 a - a +0 war axe (weapon)
Armour
 b - a +0 scale mail (worn)
 c - a +0 shield (worn)
Scrolls
 e - 2 scrolls of teleportation {unknown}
 k - a scroll of amnesia {unknown}
 l - a scroll of enchant armour {unknown}
 p - a scroll of identify {unknown}
 q - a scroll of remove curse {unknown}
 r - a scroll of enchant weapon {unknown}
Potions
 d - a potion of might
 g - a potion of brilliance {unknown}
 i - a potion of cancellation {unknown}
 j - a potion of degeneration {unknown}
 m - a potion of lignification {unknown}
 n - a potion of agility {unknown}
 s - a potion of ambrosia {unknown}
 u - a potion of curing {unknown}
Books
 t - a book of Cantrips

   Spells                             Type                      Level
   a - Confusing Touch                Hexes                        1
   b - Animate Skeleton               Necromancy                   1
   c - Summon Small Mammal            Summoning                    1
   d - Apportation                    Translocation                1
Comestibles
 f - 2 bread rations
 h - 3 royal jellies
 o - a fruit
 v - 2 chunks of flesh


   Skills:
 - Level 3.6 Fighting
 + Level 6.2 Axes
 - Level 3.2 Armour
 - Level 3.2 Shields


You had 3 spell levels left.
You didn't know any spells.

Dungeon Overview and Level Annotations

Branches:
Dungeon (3/15)

Altars:
Zin


Message History

You are too injured to fight recklessly!
You are too injured to fight recklessly!
You closely miss the orc priest.
The orc priest is almost dead.
The orc hits the orc priest but does no damage.
The orc priest hits the orc with a hand axe!
The orc dies!
The orc priest hits you but does no damage.
The orc priest shouts!
You closely miss the orc priest.
The orc priest is almost dead.
The orc priest hits you with a hand axe.
* * * LOW HITPOINT WARNING * * *
Unknown command.
You hit the orc priest.
The orc priest is almost dead.
The orc priest invokes the aid of Beogh against you.
Beogh smites you!
You die...
Beogh appreciates the orc priest's killing of a heretic priest.

##.#># ##.#.## ###.
#.###.# ##+## ##.#.##
##...## ##.##
##.....## ###.#
##....?..## ##.#.#
#(...))†..####....##
+....)o)..+........##
#.....@...####......#
##....†..## ##.##.##
##.....## ## #.#
##...## #.# ##'## #.#
#.# #.# #.# #.#
...####.#### #.#
#.........#########.#


You could see an orc priest.

Vanquished Creatures
  4 adders (D:2)
  3 worms (D:2)
  2 dart slugs (D:1)
  2 leopard geckos (D:2)
  2 orcs (D:3)
  2 ball pythons
  5 giant cockroaches
  3 hobgoblins
  2 jackals (D:1)
  6 bats
  4 frilled lizards
  A goblin (D:3)
  8 kobolds
  4 rats
48 creatures vanquished.

Vanquished Creatures (others)
  An orc priest (D:3)
  6 orcs (D:3)
  A rat (D:3)
8 creatures vanquished.

Grand Total: 56 creatures vanquished

Notes
Turn   | Place    | Note
-------+----------+-------------------------------------------
     0 | D:1      | MDvedh the Hill Orc Fighter began the quest for the Orb.
     0 | D:1      | Reached XP level 1. HP: 19/19 MP: 1/1
    89 | D:1      | Reached skill level 3 in Axes
   158 | D:1      | Reached XP level 2. HP: 24/26 MP: 2/2
   558 | D:1      | Reached skill level 4 in Axes
   810 | D:2      | Reached XP level 3. HP: 31/31 MP: 3/3
  1140 | D:2      | Reached skill level 5 in Axes
  1573 | D:2      | Found a glowing silver altar of Zin.
  1612 | D:2      | Reached XP level 4. HP: 39/39 MP: 4/4
  1922 | D:2      | Reached skill level 6 in Axes
  2116 | D:3      | Became a worshipper of Beogh the Brigand
  2133 | D:3      | Killed from afar by an orc priest

Skill      XL: |  1  2  3  4 |
---------------+-------------+-----
Axes           | 3 4 5 6 |  6.2
Fighting       | |  3.6
Armour         | |  3.2
Shields        | |  3.2

Action                   |  1- 3 |  4- 6 || total
-------------------------+-------+-------++-------
Melee: War axe           |   116 |    48 ||   164
Invok: Convert to Beogh  |       |     1 ||     1
  Eat: Chunk             |     2 |     2 ||     4
Armor: Scale mail        |    60 |    17 ||    77
Dodge: Dodged            |    26 |    15 ||    41
Block: Shield            |    63 |    14 ||    77
